Map: Cyber Forest LE

Players

APMeighty - Winner!

  • Race: Protoss Protoss
  • League: Platinum
  • Spawn Location: 11:00

Woah

  • Race: Terran Terran
  • Spawn Location: 5:00

VOD

Have the link to the VOD?

Description

Time

  • Played on: June 12, 2019, 8:44 a.m.
  • Length: 20:14
Show
View Real Time Build Order
Export as new Build Order

APMeighty Protoss - Winner!

Build Orders:  

Get SALT Encoding   

  12  0:04  Probe  
  13  0:16  Probe  
  14  0:23  Pylon  
  15  0:28  Probe  
  15  0:37  Probe  
  16  0:44  Gateway  
  16  0:45  Probe  
  16  0:48  Assimilator  
  17  0:56  Probe  
  18  1:20  Probe  
  19  1:29  Probe  
  19  1:38  Probe  
  20  1:45  Zealot  
  23  1:48  Cybernetics Core  
  23  1:53  Pylon  
  23  2:02  Probe  
  23  2:15  Probe  
  23  2:20  Nexus  
  23  2:21  Pylon  
  23  2:22  Assimilator  
  24  2:23  Probe  
  24  2:27  Warp Gate  
  25  2:30  Stalker  
  25  2:33  Probe  
  28  2:45  Probe  
  29  3:00  Stalker, Probe  
  32  3:12  Probe  
  33  3:23  Shield Battery  
  33  3:24  Probe  
  34  3:36  Stargate, Probe  
  35  3:41  Probe  
  35  3:43  Pylon  
  35  3:47  Assimilator, Pylon  
  36  3:48  Probe  
  36  3:49  Assimilator  
  36  3:51  Stalker  
  36  3:53  Probe  
  40  4:00  Probe  
  41  4:05  Probe, Gateway  
  42  4:13  Probe  
  43  4:18  Probe  
  43  4:20  Oracle  
  47  4:26  Probe  
  47  4:29  Probe  
  49  4:34  Sentry, Probe  
  52  4:41  Probe  
  53  4:51  Probe  
  54  4:53  Probe  
  54  4:58  Oracle  
  58  5:13  Twilight Council  
  58  5:14  Gateway  
  58  5:17  Pylon  
  58  5:18  Pylon  
  58  5:22  Gateway  
  58  5:24  Pylon  
  58  5:37  Robotics Facility  
  58  5:43  Probe x2  
  58  5:46  Stalker x2  
  64  5:55  Probe  
  64  5:56  Probe  
  41  6:12  Stalker x3  
  35  6:27  Probe x2  
  35  6:39  Probe x2  
  37  6:50  Stalker x4  
  37  6:51  Probe x2  
  37  6:53  Immortal  
  46  7:03  Probe  
  47  7:17  Pylon  
  47  7:20  Pylon  
  47  7:21  Probe x2  
  49  7:28  Stalker x4  
  57  7:33  Probe x2  
  59  7:42  Shield Battery  
  59  7:43  Charge  
  59  7:49  Probe x2  
  61  7:55  Zealot  
  61  7:56  Zealot x2  
  61  7:58  Zealot  
  69  8:01  Probe  
  70  8:12  Probe  
  71  8:13  Probe  
  72  8:24  Probe  
  73  8:36  Probe x2  
  75  8:44  Zealot x2  
  75  8:45  Zealot x2  
  75  8:48  Probe x2  
  82  9:08  Zealot x2  
  82  9:09  Zealot  
  88  9:10  Zealot  
  88  9:13  Immortal  
  94  9:26  Robotics Bay  
  94  9:28  Pylon  
  94  9:31  Templar Archives  
  88  9:52  Nexus  
  71  9:57  Zealot x4  
  74  10:15  Colossus  
  74  10:18  Zealot x3  
  74  10:20  Zealot  
  88  10:21  Probe  
  88  10:24  Probe  
  90  10:35  Probe  
  91  10:36  Probe  
  92  10:46  Pylon  
  92  10:47  Probe  
  92  10:48  Extended Thermal Lance  
  92  10:49  Pylon  
  93  11:05  Probe x3  
  93  11:08  Shield Battery  
  93  11:10  Observer  
  97  11:12  Shield Battery  
  97  11:17  Probe x2  
  97  11:18  Probe  
  100  11:25  Forge  
  100  11:27  Forge  
  100  11:28  Pylon  
  100  11:29  Probe  
  101  11:37  Fleet Beacon  
  101  11:44  Probe x2  
  101  11:45  Probe  
  104  11:48  Assimilator  
  104  11:52  Assimilator  
  104  11:56  Colossus, Probe x2  
  112  12:03  High Templar x2  
  112  12:05  High Templar x2  
  112  12:07  Archon  
  120  12:09  Archon  
  82  12:42  Probe x2  
  82  12:43  Probe  
  85  12:49  Colossus  
  91  12:54  Probe  
  91  12:55  Probe  
  91  12:56  Probe  
  91  12:58  Protoss Ground Weapons Level 1, Protoss Ground Armor Level 1  
  94  13:00  Stalker x3  
  94  13:01  Stalker  
  102  13:06  Probe  
  102  13:07  Probe, Blink  
  102  13:08  Probe  
  105  13:18  Probe  
  105  13:19  Probe  
  107  13:20  Probe  
  107  13:21  Photon Cannon  
  107  13:22  Shield Battery  
  107  13:26  Photon Cannon  
  108  13:31  Probe x2  
  108  13:32  Zealot x3  
  108  13:33  Zealot  
  118  13:38  Probe  
  118  13:43  Probe x2  
  100  13:58  Zealot  
  100  13:59  Zealot x3  
  108  14:12  Gateway x2  
  108  14:15  Gateway  
  108  14:17  Gateway  
  108  14:20  Zealot x4, Pylon  
  108  14:21  Pylon  
  108  14:23  Pylon  
  112  14:39  Photon Cannon  
  112  14:41  Stalker x2  
  112  14:42  Stalker x2  
  98  15:13  Zealot x3  
  98  15:14  Zealot x2  
  106  15:15  Colossus, High Templar x2  
  106  15:16  Zealot  
  120  15:33  Nexus  
  120  15:36  Pylon  
  120  15:37  Pylon  
  120  15:40  Pylon  
  120  15:42  Protoss Ground Weapons Level 2  
  120  15:43  Assimilator  
  120  15:44  Protoss Ground Armor Level 2  
  120  15:45  Assimilator  
  120  15:50  High Templar  
  120  15:51  High Templar x3  
  120  15:52  High Templar x2  
  120  15:54  Archon  
  120  15:55  Archon  
  120  15:56  Archon  
  132  15:58  Zealot x2  
  136  16:07  Pylon  
  136  16:10  Psionic Storm  
  136  16:17  Photon Cannon  
  136  16:19  Photon Cannon  
  136  16:22  Photon Cannon  
  136  16:26  Shield Battery  
  136  16:29  Shield Battery  
  136  16:40  High Templar x3  
  136  16:41  High Templar x2  
  136  16:43  High Templar  
  136  16:46  Zealot x2  
  152  16:47  Archon  
  152  16:48  Archon x2  
  152  16:59  Probe  
  152  17:00  Probe x3  
  156  17:03  Colossus  
  162  17:12  Stalker x2  
  166  17:16  Zealot x3  
  166  17:17  Zealot x2  
  170  17:53  Probe x3  
  173  17:58  Pylon  
  173  18:00  Pylon  
  173  18:23  Pylon  
  173  18:34  High Templar x2  
  173  18:36  Zealot x4, Nexus  
  173  18:37  Zealot  
  187  18:48  Pylon  
  187  18:49  Pylon  
  137  19:21  Zealot x4  
  137  19:22  Zealot x4  
  149  19:43  Zealot x3  
  149  19:44  Zealot x5  
  165  20:05  Zealot x2  
  165  20:06  Zealot x5  
  165  20:07  Zealot  
Show
View Real Time Build Order
Export as new Build Order

Woah Terran 

Build Orders:  

Get SALT Encoding   

  12  0:01  SCV  
  13  0:13  SCV  
  14  0:18  Supply Depot  
  14  0:25  SCV  
  15  0:39  SCV  
  15  0:42  Barracks  
  16  0:46  Refinery  
  16  0:51  SCV  
  17  1:03  SCV  
  18  1:16  SCV  
  19  1:29  Orbital Command  
  19  1:30  Marine  
  19  1:52  Command Center  
  19  2:07  Barracks Reactor  
  19  2:09  Barracks  
  19  2:11  SCV  
  20  2:23  SCV  
  20  2:28  Supply Depot  
  21  2:35  SCV  
  22  2:43  Marine  
  22  2:44  Engineering Bay  
  23  2:49  SCV, Marine  
  25  2:55  Barracks Tech Lab  
  25  3:01  SCV, Marine  
  27  3:07  Marine  
  27  3:11  Orbital Command  
  28  3:14  SCV  
  28  3:17  Stimpack  
  28  3:18  Marine  
  30  3:23  Terran Infantry Weapons Level 1  
  30  3:26  SCV  
  31  3:29  Supply Depot  
  31  3:31  Marine  
  31  3:33  Marine  
  33  3:37  SCV  
  33  3:38  SCV  
  35  3:45  Marine, Supply Depot  
  36  3:51  SCV  
  36  3:52  SCV  
  36  3:53  Marine  
  39  3:56  Marine  
  40  4:05  Refinery  
  40  4:06  Refinery  
  40  4:10  SCV x2  
  40  4:16  Supply Depot  
  42  4:19  Marine x2  
  42  4:22  Marine  
  45  4:34  SCV  
  45  4:37  Factory  
  46  4:42  Marauder  
  48  4:47  SCV  
  48  4:52  SCV  
  50  4:56  Marine x2  
  50  4:59  SCV  
  53  5:04  SCV  
  54  5:09  Marauder  
  54  5:11  SCV  
  57  5:15  Marine x2  
  57  5:16  SCV  
  57  5:17  Terran Infantry Armor Level 1  
  60  5:25  Factory Reactor  
  60  5:26  Starport  
  60  5:30  Marauder, Bunker  
  60  5:33  SCV  
  60  5:34  SCV  
  63  5:54  Marauder, Marine x2  
  58  6:12  Marine  
  58  6:13  Command Center  
  58  6:16  Marauder  
  50  6:37  Marauder  
  47  6:43  Marine  
  47  6:44  Marine  
  47  6:45  Medivac, Widow Mine x2  
  43  6:58  Marauder  
  40  7:01  Marine  
  40  7:02  Marine  
  37  7:11  SCV  
  38  7:19  Marine x2  
  38  7:30  Missile Turret  
  38  7:38  Marauder  
  38  7:39  Missile Turret, Factory Tech Lab  
  40  7:48  Liberator x2  
  40  7:51  Marine  
  41  7:57  Barracks  
  41  8:01  Marauder  
  43  8:12  SCV x2  
  51  8:22  Marauder  
  51  8:24  SCV x2  
  55  8:29  Marine  
  55  8:30  Marine  
  57  8:43  Marine  
  57  8:47  Marine  
  56  8:59  SCV  
  56  9:00  SCV  
  56  9:01  Marauder  
  56  9:02  Liberator  
  60  9:05  Orbital Command  
  60  9:07  Barracks Reactor  
  60  9:08  Siege Tank  
  63  9:11  SCV  
  63  9:12  SCV  
  63  9:14  Refinery  
  65  9:23  SCV  
  69  9:24  SCV  
  45  10:07  Marine x2  
  45  10:08  Marauder  
  45  10:09  Siege Tank, Marine x2  
  45  10:11  SCV x3  
  57  10:23  SCV  
  57  10:25  Marine x2  
  57  10:27  Barracks  
  57  10:28  Barracks  
  60  10:29  Marauder  
  60  10:31  SCV x2  
  60  10:35  SCV  
  65  10:43  SCV x2, Marine  
  65  10:47  Armory  
  68  10:50  Marauder  
  70  10:58  Medivac  
  70  10:59  Medivac  
  74  11:05  SCV x3  
  74  11:09  Supply Depot  
  74  11:10  Supply Depot  
  77  11:14  Barracks Tech Lab, Barracks Reactor  
  77  11:17  SCV x3  
  80  11:22  Barracks  
  80  11:23  Barracks  
  80  11:31  Marauder, Marine x2  
  84  11:37  Terran Infantry Weapons Level 2  
  84  11:47  Marauder, Marine  
  86  11:49  Siege Tank  
  86  11:51  Marine  
  86  11:52  Marauder  
  90  12:25  Marine  
  90  12:26  Marauder, Marine x6  
  89  12:43  Marine x2  
  89  12:44  Marine x5  
  89  12:46  Barracks Tech Lab x2  
  89  12:47  Marine  
  98  12:51  Siege Tank  
  98  12:57  Medivac  
  100  13:01  Marine  
  100  13:04  Medivac, Marine x5  
  100  13:05  Marauder  
  110  13:06  Concussive Shells, Supply Depot  
  110  13:07  Combat Shield, Supply Depot  
  110  13:26  Marauder x2, Marine x2  
  110  13:27  Marine x3  
  85  13:56  Marine x2  
  85  13:57  Marauder x2  
  85  13:59  Marauder, Marine x5  
  98  14:05  Supply Depot  
  98  14:11  Terran Infantry Armor Level 2  
  98  14:14  Marine x2  
  98  14:16  Marine  
  101  14:17  Marine  
  99  14:27  Ghost Academy  
  99  14:36  Siege Tank  
  99  14:37  Marauder x2, Marine x3  
  75  15:04  Marauder, Marine x4  
  75  15:05  Marine x5  
  80  15:19  SCV x2  
  82  15:25  Command Center  
  82  15:36  Marine  
  82  15:37  Marauder, Marine x3  
  82  15:38  Marine  
  82  15:40  Ghost  
  91  15:47  Siege Tank  
  94  15:53  Refinery x2  
  94  15:54  Marine x2  
  96  16:09  Ghost  
  96  16:10  Marauder, Marine x5  
  105  16:19  SCV  
  105  16:21  SCV x2  
  108  16:31  SCV  
  109  16:33  SCV x2  
  111  16:43  SCV  
  111  16:45  SCV x2  
  114  17:00  Marauder  
  114  17:01  Marauder x3, Marine x6  
  123  17:05  SCV x2  
  123  17:06  SCV  
  131  17:09  SCV  
  132  17:18  Marine  
  120  17:56  Marauder x4, Marine  
  120  17:57  Marine x5  
  127  18:14  Marine x6  
  127  18:16  Orbital Command  
  127  18:17  Marauder x2  
  127  18:18  Marauder x2  
  135  18:22  Medivac x2  
  139  18:32  Marine x6  
  145  18:38  Marauder, Command Center  
  103  19:14  Marauder, Marine x7  
  103  19:15  Marauder  
  103  19:16  Marauder  
  77  19:32  Marine  
  77  19:33  Marine x5  
  77  19:36  Marauder  
  77  19:37  Marauder  
  69  19:50  Marine x2  
  69  19:51  Marine x2  
Tags
 
League
Platinum
Matchup
PvT
Replay Pack
r1
Spawn Locations
Cross Positions
Add a new tag
Caveats
  • Supply blocks, unpowered buildings, or Contaminate may cause inaccurate times.
  • Supply counts are checked every 10 seconds.